cohdb
Replays
Latest Replays
All Replays
Popular Replays
Top Player Replays
Match Explorer
How It Works
Community
CoH3 Stats
Reddit
Sign in to upload your games and track your stats! →
Sign in with Steam
Match 41297914
Unlisted
Match 41297914
Overview
Messages
Build Orders
End
Royal Engineer Section
Construct Section Command Post
Infantry Section
Selects Canadian Shock Battlegroup
ML 3-inch Mortar Team
Construct Field Infirmary
Infantry Section
Selects Attacking Spirit
Selects Canadian Shock Section
Canadian Shock Section
Vickers Machine Gun Team
Construct Platoon Command Post
Selects Incendiary Munitions
Grenade Package
Infantry Training
Selects Pyrotechnics
Canadian Shock Section
6-pounder Anti-tank Gun Team
Construct Company Command Post
Crusader II Medium Tank
Selects Churchill Crocodile Heavy Tank
Foot Guards Section
MADAO
Jeiseun
0
0
Comments
sign in to comment!
No comments posted yet!